 Dungeon Crawl Stone Soup version 0.28-a0-1387-g3a22ab9bdc (console) character file.

Game seed: 9245388212512519448

117795 jejorda2 the Phalangite (level 16, -10/136 HPs)
             Began as a Merfolk Berserker on Jan 2, 2022.
             Was a High Priest of Trog.
             Killed from afar by a deep elf knight (24 damage)
             ... with a lance of force
             ... on level 1 of the Elven Halls.
             The game lasted 01:26:10 (38656 turns).

jejorda2 the Phalangite (Merfolk Berserker)        Turns: 38656, Time: 01:26:10

Health: -10/136    AC: 38    Str: 24    XL:     16   Next: 75%
Magic:  16/16      EV:  8    Int: 12    God:    Trog [*****.]
Gold:   214        SH:  0    Dex: 15    Spells: 15/15 levels left

rFire   + + .      SeeInvis .   a - +2 glaive (flame)
rCold   + . .      Faith    +   (shield currently unavailable)
rNeg    + . .      Spirit   .   v - +8 orange crystal plate armour {Archmagi, Int+3 Clar}
rPois   .          Reflect  .   X - +2 helmet
rElec   .          Harm     .   G - scarf {rC+ rF+}
rCorr   .          Rampage  .   T - +0 pair of gloves of Wabreom {Int+3 Stlth+}
Will    ++...      Archmagi +   p - +0 pair of boots {Fly}
Stlth   .......... Clarity  +   J - amulet of faith
HPRegen 0.32/turn               H - ring "Ickothrane" {rN+ Will+}
MPRegen 0.15/turn               O - ring of protection from fire

@: flying
A: (nimble swimmer 2), mertail
a: Renounce Religion, Berserk, Trog's Hand, Brothers in Arms


You were on level 1 of the Elven Halls.
You worshipped Trog.
Trog was extremely pleased with you.
You visited 4 branches of the dungeon, and saw 25 of its levels.
You also visited: Gauntlet.

You collected 3356 gold pieces.
You spent 3142 gold pieces at shops.

Inventory:

Hand Weapons
 a - a +2 glaive of flaming (weapon)
 b - a +1 antimagic trident
 r - a +0 bardiche
Missiles
 c - 19 boomerangs
 i - 602 stones
 q - 77 poisoned darts (quivered)
 x - 9 curare-tipped darts
 B - 6 javelins
 C - 10 silver javelins
 P - 3 throwing nets
Armour
 p - a +0 pair of boots of flying (worn)
 t - the +0 chain mail "Xoilur" {rC+ Will+ Dex-5}
   (You bought it in a shop on level 2 of the Orcish Mines)

   Dex:       It affects your dexterity (-5).
   rC:        It protects you from cold.
   Will:      It increases your willpower.
 v - the +8 orange crystal plate armour (worn) {Archmagi, Int+3 Clar}
   (You took it off a deep elf high priest on level 1 of the Elven Halls)

   Int:       It affects your intelligence (+3).
   Clar:      It protects you against confusion.
 y - a +4 chain mail of poison resistance
 G - a scarf of resistance (worn)
 T - the +0 pair of gloves of Wabreom (worn) {Int+3 Stlth+}
   (You bought it in a shop on level 2 of the Orcish Mines)

   Int:       It affects your intelligence (+3).
   Stlth:     It makes you more stealthy.
 X - a +2 helmet (worn)
Jewellery
 H - the ring "Ickothrane" (left hand) {rN+ Will+}
   (You found it on level 1 of the Lair of Beasts)

   [ring of positive energy]

   rN:        It protects you from negative energy.
   Will:      It increases your willpower.
 J - an amulet of faith (around neck)
 O - a ring of protection from fire (right hand)
 U - a ring of resist corrosion
 V - the ring "Goucket" {Fire Fly rPois rN++ Str-5}
   (You took it off a minotaur in a Gauntlet)

   [ring of fire]

   It enhances your fire magic.
   Str:       It affects your strength (-5).
   rF:        It protects you from fire.
   rC:        It makes you vulnerable to cold.
   rPois:     It protects you from poison.
   rN:        It greatly protects you from negative energy.
   Fly:       It grants you flight.
 W - a ring of see invisible
Wands
 e - a wand of digging (12)
 s - a wand of flame (68)
 A - a wand of mindburst (15)
 E - a wand of polymorph (7)
 I - a wand of iceblast (5)
 L - a wand of paralysis (8)
Scrolls
 f - 4 scrolls of fog
 g - 9 scrolls of teleportation
 h - 3 scrolls of blinking
 j - 2 scrolls of magic mapping
 n - a scroll of identify
 M - 2 scrolls of summoning
 N - 4 scrolls of fear
Potions
 d - 8 potions of curing
 k - a potion of invisibility
 l - 2 potions of resistance
 m - 12 potions of might
 o - 3 potions of mutation
 u - 3 potions of flight
 z - 3 potions of ambrosia
Miscellaneous
 F - a tin of tremorstones (inert)
 R - a phial of floods (inert)
 Y - a condenser vane
 Z - a lightning rod (4/4)


   Skills:
 - Level 15.0 Fighting
 + Level 22.2 Polearms
 - Level 15.0 Armour
 - Level 6.0 Dodging
 - Level 9.0 Evocations


You had 15 spell levels left.
You didn't know any spells.
Your spell library was empty.

Dungeon Overview and Level Annotations

Branches:
Dungeon (15/15)            Temple (0/1) D:7            Lair (6/6) D:8
 Shoals (0/4) Lair:2       Spider (0/4) Lair:4        Slime (0/5) Lair:5
    Orc (2/2) D:12            Elf (2/3) Orc:2        Vaults (0/5) D:13
 Depths (0/4) D:15        Gauntlet (visited)

Altars:
Cheibriados
Dithmenos
Fedhas
Hepliaklqana
Kikubaaqudgha
Nemelex Xobeh
Okawaru
Qazlal
Sif Muna
Trog
Uskayaw
Wu Jian
Xom
Beogh

Shops:
D:6 *   D:10 (   D:12 (   D:13 [   D:15 *   Orc:2 ([*=

Portals:
Trove: D:15 (give 2 scrolls of acquirement)

Annotations:
D:10 2 transporters, rougesareth's ghost, journeyman MfGl


Innate Abilities, Weirdness & Mutations

((You are very nimble when in or above water. (Stealth+, EV+, Speed+++)))
Your lower body shifts to a powerful aquatic tail in water.


Message History

The molten gargoyle blasts magma at you!
The bolt of magma misses the molten gargoyle.
The bolt of magma hits you. You partially resist.
The molten gargoyle blasts magma at you!
The bolt of magma misses you. The water elemental hits you.
Something hits you but does no damage.
Unknown command.
The molten gargoyle blasts magma at you!
The bolt of magma hits the molten gargoyle!
The molten gargoyle partially resists.
The bolt of magma hits you! You partially resist.
* * * LOW HITPOINT WARNING * * *
You hear some strange, mumbled words.
A shard of ice appears from out of thin air!
The shard of ice hits you!! You partially resist.
* * * LOW HITPOINT WARNING * * *
The molten gargoyle blasts magma at you!
The bolt of magma misses you. The water elemental hits you.
You fly upwards.
The water engulfing you falls away.
Reactivating autopickup.
There is a stone staircase leading down here.
Unknown command.
Okay, then.
Unknown command.
Blink to where?
Press: ? - help, Dir - move target
As you read the scroll of blinking, it crumbles to dust.
You hear some strange, mumbled words.
A shard of ice appears from out of thin air!
Deactivating autopickup; reactivate with Ctrl-A.
The shard of ice misses you. Something hits you but does no damage.
You see here a +0 long sword.
You hear some strange, mumbled words.
A shard of ice appears from out of thin air!
The shard of ice hits you but does no damage.
You hear some strange, mumbled words.
A lance of force appears from out of thin air!
The lance of force hits you!!
You die...

#.............................
#.............................
#..........#)#'#'#....####'###
#......9...#.#.#.#....#.......
#.....ยง.############..'.......
#......[#.)...........#.......
#.....E.#.<)..........########
#.......#...).................
#.......#..([@{...[...........
#.......#.......).....###'#..#
#.......############..#...'..+
#....(.....#.#.#E#....'...#..#
#..........#'#'#'#{...#'###..#
#.............................
#.............................
#..#'#####'##############..###
#..'....................#..#..


There were no monsters in sight!

Vanquished Creatures
  Jorgrun (Orc:2)
  Agnes (Elf:1)
  Kirke (Lair:4)
  2 orc warlords (Orc:2)
  2 iron dragons (Elf:1)
  A stone giant (D:15)
  The ghost of Muulud the Spry, a journeyman SpBe of Trog (Lair:5)
  3 deep elf demonologists (Elf:1)
  A minotaur (Gauntlet)
  An ettin (Orc:2)
  Snorg (D:12)
  2 deep elf high priests (Elf:1)
  2 fire dragons
  Josephine (D:10)
  Harold (D:10)
  2 boulder beetles
  Erolcha (D:13)
  Fannar (Lair:2)
  An ogre mage (D:15)
  An ice dragon (Elf:1)
  6 hydras
  A catoblepas (Gauntlet)
  4 centaur warriors
  9 two-headed ogres
  7 dancing weapons
  A death knight (D:14)
  3 death yaks (Lair:5)
  The ghost of dolemite99 the Cleaver, a novice MiFi of Makhleb (D:8)
  3 orc high priests
  Sonja (Lair:4)
  5 deep elf knights (Elf:1)
  Nergalle (Lair:3)
  3 skeletal warriors (D:14)
  5 deep elf archers (Elf:1)
  A flayed ghost (D:15)
  2 lindwurms
  13 deep elf zephyrmancers
  11 deep elf pyromancers
  4 orc knights
  The ghost of Encipher the Chopper, a novice FoFi of Okawaru (D:5)
  A salamander (shapeshifter) (Gauntlet)
  3 orc sorcerers (Orc:2)
  2 cyclopes
  8 elephants (Lair:5)
  2 oklob plants (Lair:3)
  19 ugly things
  5 black mambas
  Joseph (D:7)
  3 molten gargoyles
  A smoke demon (Gauntlet)
  10 cane toads
  A gargoyle (Gauntlet)
  Maggie (D:7)
  A freezing wraith (D:15)
  2 rime drakes
  16 komodo dragons
  5 polar bears
  4 trolls
  A hornet (shapeshifter) (D:15)
  Prince Ribbit (D:7)
  2 hornets
  Grinder (D:4)
  7 blink frogs
  2 slime creatures (D:12)
  A tarantella (Lair:4)
  A meliai zombie (D:6)
  An air elemental (Elf:1)
  4 dream sheep (Lair:5)
  10 wraiths
  5 shadows
  A vampire (D:13)
  5 water elementals
  32 yaks
  A yak (shapeshifter) (D:12)
  9 wyverns
  3 basilisks
  2 fire elementals (Elf:1)
  4 fire bats (Elf:2)
  A steam dragon (D:8)
  6 vampire mosquitoes
  4 wargs
  2 acid dragons
  17 water moccasins
  5 hell hounds (Lair:6)
  2 ice beasts
  3 necrophages
  24 orc warriors
  6 ogres
  12 wolves
  4 centaurs
  A phantom (D:5)
  2 kobold brigands
  8 bullfrogs
  4 earth elementals
  5 scorpions
  18 killer bees
  A wight (D:9)
  5 lava snakes (Lair:6)
  4 electric eels
  4 crimson imps (Gauntlet)
  8 centaur zombies
  A human zombie (D:9)
  15 orc priests
  3 hounds
  A bullfrog skeleton (D:6)
  A centaur skeleton (D:7)
  An iguana (D:5)
  5 hell rats (Lair:5)
  20 orc wizards
  5 mummies (D:9)
  2 hound zombies (D:5)
  A howler monkey zombie (D:9)
  6 gnolls
  5 adders
  An ufetubus (D:7)
  An adder skeleton (D:4)
  3 dart slugs
  52 orcs
  7 endoplasms
  3 giant cockroaches
  7 goblins
  9 hobgoblins
  4 jackals (D:4)
  5 quokkas
  4 ball pythons
  9 bats
  4 frilled lizards
  11 kobolds
  8 rats
  A spectral hobgoblin (D:1)
628 creatures vanquished.

Vanquished Creatures (collateral kills)
  The ghost of AigisTheKnight the Zephyrmancer, a journeyman DrAE of Vehumet (Orc:2)
  The ghost of voltaire321 the Fighter, a journeyman DsGl of Makhleb (Lair:5)
  A dancing weapon (Elf:1)
  A black mamba (Lair:6)
  5 orc warriors (Orc:2)
  An orc wizard (Orc:2)
  4 orcs (Orc:2)
14 creatures vanquished.

Vanquished Creatures (others)
  3 humans (Lair:4)
  An orc (Elf:1)
  9 fungi
  17 plants
  29 withered plants
59 creatures vanquished.

Grand Total: 701 creatures vanquished

Notes
Turn   | Place    | Note
-------+----------+-------------------------------------------
     0 | D:1      | jejorda2 the Merfolk Berserker began the quest for the Orb.
     0 | D:1      | Reached XP level 1. HP: 18/18 MP: 1/1
   181 | D:1      | Reached XP level 2. HP: 11/24 MP: 2/2
   391 | D:1      | Reached skill level 5 in Polearms
   911 | D:1      | Reached XP level 3. HP: 18/29 MP: 3/3
  1039 | D:1      | Found a faded altar of an unknown god.
  1159 | D:1      | Reached ** piety under Trog
  1434 | D:2      | Reached XP level 4. HP: 12/37 MP: 4/4
  1670 | D:2      | Reached skill level 6 in Polearms
  3175 | D:3      | Reached XP level 5. HP: 42/42 MP: 5/5
  3347 | D:4      | Reached *** piety under Trog
  3360 | D:4      | Reached skill level 7 in Polearms
  3559 | D:4      | Reached XP level 6. HP: 49/49 MP: 6/6
  3679 | D:4      | Reached skill level 8 in Polearms
  3741 | D:4      | Noticed Grinder
  3752 | D:4      | Killed Grinder
  3753 | D:4      | Reached skill level 5 in Fighting
  3753 | D:4      | Reached XP level 7. HP: 56/56 MP: 7/7
  3938 | D:4      | Reached skill level 9 in Polearms
  4309 | D:5      | Entered Level 5 of the Dungeon
  4319 | D:5      | Noticed a +0 dagger
  4330 | D:5      | Noticed a +0 hand axe
  4332 | D:5      | Found a hide-covered altar of Uskayaw.
  4681 | D:5      | Found a bloodstained altar of Trog.
  4789 | D:5      | Reached XP level 8. HP: 64/64 MP: 8/8
  4854 | D:5      | You fall into a shaft and drop 2 floors!
  4854 | D:7      | Noticed Joseph
  4871 | D:7      | Killed Joseph
  4872 | D:7      | Reached skill level 11 in Polearms
  5187 | D:7      | Noticed Prince Ribbit
  5202 | D:7      | Killed Prince Ribbit
  5203 | D:7      | Reached skill level 12 in Polearms
  5341 | D:7      | Found a staircase to the Ecumenical Temple.
  5512 | D:6      | Reached XP level 9. HP: 69/69 MP: 3/9
  5834 | D:6      | Found Loadoipt's Assorted Antiques.
  5847 | D:6      | Bought a pitted trident for 187 gold pieces
  5847 | D:6      | Identified the +10 trident of the Goat {flame, rC+} (You
                  | bought it in a shop on level 6 of the Dungeon)
  5847 | D:6      | Bought a fizzy cyan potion for 19 gold pieces
  5924 | D:6      | Reached skill level 13 in Polearms
  5958 | D:6      | Reached skill level 5 in Armour
  6033 | D:6      | Found a shadowy altar of Dithmenos.
  6111 | D:6      | Found a shimmering blue altar of Sif Muna.
  6292 | D:5      | Found a runed translucent gate.
  6292 | D:5      | Found a runed translucent gate.
  6292 | D:5      | Found a runed translucent gate.
  6303 | D:5      | Noticed Encipher's ghost (novice FoFi)
  6381 | D:5      | Killed Encipher's ghost
  6382 | D:5      | Reached skill level 14 in Polearms
  6730 | D:5      | Found a shimmering altar of Xom.
  6955 | D:7      | Noticed Maggie
  6962 | D:7      | Killed Maggie
  6963 | D:7      | Reached skill level 15 in Polearms
  7641 | D:7      | Reached XP level 10. HP: 68/76 MP: 10/10
  7695 | D:7      | Found a hazy altar of Hepliaklqana.
  7989 | D:8      | Noticed a six-headed hydra
  7994 | D:8      | Killed a six-headed hydra
  7995 | D:8      | Reached skill level 16 in Polearms
  8201 | D:8      | Found a transporter.
  8202 | D:8      | Found a transporter.
  8223 | D:8      | Noticed dolemite99's ghost (novice MiFi)
  8582 | D:8      | Found a staircase to the Lair.
  8645 | D:8      | Reached skill level 17 in Polearms
  9105 | D:8      | Killed dolemite99's ghost
  9106 | D:8      | Reached skill level 18 in Polearms
  9106 | D:8      | HP: 3/76 [killer bee (1)]
  9111 | D:8      | HP: 1/76 [poisoned by a killer bee]
  9619 | D:9      | Found a sparkling altar of Nemelex Xobeh.
  9620 | D:9      | Found an iron altar of Okawaru.
  9643 | D:9      | Reached skill level 19 in Polearms
  9740 | D:9      | Found a snail-covered altar of Cheibriados.
  9833 | D:9      | Reached XP level 11. HP: 76/81 MP: 11/11
 10310 | D:9      | Reached **** piety under Trog
 10319 | D:9      | Found an ancient bone altar of Kikubaaqudgha.
 10429 | Lair:1   | Entered Level 1 of the Lair of Beasts
 10466 | Lair:1   | Reached skill level 20 in Polearms
 10466 | Lair:1   | Reached skill level 1 in Evocations
 10914 | Lair:1   | Reached skill level 5 in Dodging
 11237 | Lair:1   | Identified the ring "Ickothrane" {rN+ Will+}
 11850 | Lair:1   | Reached skill level 5 in Evocations
 12307 | Lair:2   | Found a staircase to the Shoals.
 12367 | Lair:2   | Noticed Fannar
 12387 | Lair:2   | Killed Fannar
 12388 | Lair:2   | Reached XP level 12. HP: 62/89 MP: 12/12
 13140 | Lair:2   | Noticed an eight-headed hydra
 13149 | Lair:2   | Killed an eight-headed hydra
 13808 | Lair:3   | Noticed Nergalle
 13828 | Lair:3   | Killed Nergalle
 14153 | Lair:3   | Identified the +10 hunting sling of Teek {venom, *Slow
                  | rPois Dex+9 SInv}
 14281 | Lair:3   | Found a blossoming altar of Fedhas.
 15198 | D:6      | Bought a twisted trident for 187 gold pieces
 15198 | D:6      | Identified the +1 trident of a Thousand Friends {flame,
                  | Str+4 Dex+6} (You bought it in a shop on level 6 of the
                  | Dungeon)
 15325 | Lair:4   | Noticed a seven-headed hydra
 15334 | Lair:3   | Killed a seven-headed hydra
 15784 | Lair:4   | Found a hole to the Spider Nest.
 15786 | Lair:4   | Noticed Kirke
 15808 | Lair:4   | Killed Kirke
 15851 | Lair:4   | Noticed Sonja
 15860 | Lair:4   | Killed Sonja
 16400 | Lair:4   | Reached XP level 13. HP: 91/101 MP: 13/13
 16833 | Lair:4   | Reached skill level 10 in Fighting
 17022 | Lair:5   | Found a runed translucent gate.
 17022 | Lair:5   | Found a runed translucent gate.
 17023 | Lair:5   | Found a runed translucent gate.
 17025 | Lair:5   | Noticed voltaire321's ghost (journeyman DsGl)
 17025 | Lair:5   | Noticed Muulud's ghost (journeyman SpBe)
 17089 | Lair:5   | Reached skill level 10 in Armour
 17978 | Lair:5   | Found a staircase to the Slime Pits.
 18207 | Lair:5   | Killed voltaire321's ghost
 18214 | Lair:5   | Killed Muulud's ghost
 18308 | Lair:6   | Entered Level 6 of the Lair of Beasts
 18335 | Lair:6   | Found a gate leading to a gauntlet.
 18361 | Gauntlet | Entered a Gauntlet
 18361 | Gauntlet | Found a transporter.
 18361 | Gauntlet | Found a transporter.
 18361 | Gauntlet | Found a transporter.
 18455 | Gauntlet | Found a transporter.
 18458 | Gauntlet | Found a transporter.
 18462 | Gauntlet | Noticed a dire elephant
 18469 | Gauntlet | Found a transporter.
 18490 | Gauntlet | Found a transporter.
 18495 | Gauntlet | Found a transporter.
 18555 | Gauntlet | Found a transporter.
 18575 | Gauntlet | Found a transporter.
 18580 | Gauntlet | Found a transporter.
 18592 | Gauntlet | Found a transporter.
 19026 | Gauntlet | Identified the ring "Cupt" {Fire Str+7 Int+4 Dex+2}
 19191 | Gauntlet | Identified the ring "Goucket" {Fire Fly rPois rN++ Str-5}
 19191 | Gauntlet | Noticed a minotaur
 19206 | Gauntlet | Killed a minotaur
 19404 | Gauntlet | Identified the +0 ring mail of Insecurity {Int+3}
 20047 | Lair:6   | Reached XP level 14. HP: 87/113 MP: 14/14
 20359 | Lair:6   | Found an ornate altar of the Wu Jian Council.
 20382 | Lair:6   | Identified the +1 robe of the Armadillo {Will+ Dex+2}
 21580 | Lair:6   | Found a large runed translucent door.
 21580 | Lair:6   | Found a large runed translucent door.
 21617 | Lair:6   | HP: 3/171 [wyvern (10)]
 21622 | Lair:6   | Reached ***** piety under Trog
 22392 | D:10     | Entered Level 10 of the Dungeon
 22439 | D:10     | Noticed Josephine
 22448 | D:10     | Killed Josephine
 22509 | D:10     | Noticed rougesareth's ghost (journeyman MfGl)
 22516 | D:10     | Found a transporter.
 22519 | D:10     | Found a transporter.
 22643 | D:10     | Found a stormy altar of Qazlal.
 22819 | D:10     | Noticed Harold
 22832 | D:10     | Killed Harold
 22945 | D:10     | Found Kyid's Weapon Boutique.
 24498 | D:12     | Found a staircase to the Orcish Mines.
 24500 | D:12     | Found Qyopucoi's Weapon Shop.
 25122 | D:12     | Noticed Snorg
 25138 | D:12     | Killed Snorg
 25695 | D:12     | Identified the +0 trident of a volcano {antimagic, Contam
                  | rF+ Int+3}
 26428 | D:13     | Found Pujin's Antique Armour Shoppe.
 26433 | D:13     | Bought a masterwork chain mail for 247 gold pieces
 26433 | D:13     | Identified the +7 chain mail of Death Resistance {Harm
                  | Int+4} (You bought it in a shop on level 13 of the Dungeon)
 26433 | D:13     | Bought a glowing helmet for 195 gold pieces
 26715 | D:13     | Found a gate to the Vaults.
 27208 | D:13     | Reached XP level 15. HP: 96/122 MP: 15/15
 27502 | D:13     | Noticed Erolcha
 27513 | D:13     | Killed Erolcha
 28629 | D:13     | Identified the +12 halberd "Jelly's Demise" {vorpal, Str+3}
                  | (Trog gifted it to you on level 13 of the Dungeon)
 28629 | D:13     | Received a gift from Trog
 29178 | D:14     | Identified the +6 trident "Demon's Undoing" {chaos, rN+
                  | Dex+5 Stlth-}
 29415 | D:15     | Entered Level 15 of the Dungeon
 29495 | D:15     | Found a staircase to the Depths.
 30294 | D:15     | Found a portal to a secret trove of treasure.
 30303 | D:15     | Found Plog's Assorted Antiques.
 31118 | D:15     | Found a stormy altar of Qazlal.
 31268 | Orc:1    | Entered Level 1 of the Orcish Mines
 31472 | Orc:2    | Entered Level 2 of the Orcish Mines
 31834 | Orc:2    | Received a gift from Trog
 31874 | Orc:2    | Noticed an orc warlord
 31894 | Orc:2    | Killed an orc warlord
 32167 | Orc:2    | Found a staircase to the Elven Halls.
 32211 | Orc:2    | Noticed an orc warlord
 32224 | Orc:2    | Killed an orc warlord
 32523 | Orc:2    | Found Jaffaabb's Antique Armour Shoppe.
 32529 | Orc:2    | Found Vivefuom's Antique Weapon Shoppe.
 32576 | Orc:2    | Found Igusafru's General Store.
 32617 | Orc:2    | Bought a pair of encrusted gloves for 399 gold pieces
 32617 | Orc:2    | Identified the +0 pair of gloves of Wabreom {Int+3 Stlth+}
                  | (You bought it in a shop on level 2 of the Orcish Mines)
 32713 | Orc:2    | Noticed AigisTheKnight's ghost (journeyman DrAE)
 32796 | Orc:2    | Found a runed translucent door.
 32971 | Orc:2    | Found Saqonoawn's Jewellery Shoppe.
 32978 | Orc:2    | Bought a ring of see invisible for 195 gold pieces
 32994 | Orc:2    | Bought a +0 pair of boots of flying for 138 gold pieces
 33324 | Orc:1    | Noticed Jorgrun
 33339 | Orc:2    | Killed Jorgrun
 33529 | Orc:2    | Bought a smelly chain mail for 399 gold pieces
 33529 | Orc:2    | Identified the +0 chain mail "Xoilur" {rC+ Will+ Dex-5}
                  | (You bought it in a shop on level 2 of the Orcish Mines)
 33880 | Elf:1    | Entered Level 1 of the Elven Halls
 34179 | Elf:1    | Reached XP level 16. HP: 90/133 MP: 16/16
 34331 | Elf:1    | Received a gift from Trog
 34804 | Elf:1    | HP: 1/134 [deep elf zephyrmancer/bolt of lightning (25)]
 35334 | Orc:2    | Killed AigisTheKnight's ghost
 36197 | Elf:1    | Reached skill level 21 in Polearms
 36325 | Elf:1    | Paralysed by an air elemental for 1 turns
 36327 | Elf:1    | Paralysed by an air elemental for 1 turns
 37218 | Elf:1    | Noticed an Executioner
 37515 | Elf:1    | Noticed Agnes
 37527 | Elf:1    | Killed Agnes
 37860 | Elf:1    | Identified the +6 dagger of the Singing Sybil {protect,
                  | MP+9}
 37872 | Elf:1    | Reached skill level 15 in Fighting
 37872 | Elf:1    | Reached skill level 15 in Armour
 37966 | Elf:1    | Found a runed translucent gate.
 37966 | Elf:1    | Found a runed translucent gate.
 37966 | Elf:1    | Found a runed translucent gate.
 37966 | Elf:1    | Found a runed translucent gate.
 37966 | Elf:1    | Found a runed translucent gate.
 37968 | Elf:1    | Found a runed translucent gate.
 38074 | Elf:1    | Reached skill level 22 in Polearms
 38425 | Orc:2    | Bought a bloodstained plate armour for 1176 gold pieces
 38425 | Orc:2    | Identified the +9 plate armour "Pilon" {rC+ Str+3 Int+3}
                  | (You bought it in a shop on level 2 of the Orcish Mines)
 38656 | Elf:1    | Killed from afar by a deep elf knight

Illustrated notes

Levels and vault maps discovered:
D:1:      heliophobic_arrival_glass_houses, layout_basic,
          dreamdust_ecumenical_altar_drowned_temple, serial_glass,
          glass_columns_b, glass_columns_b, minmay_strange_pillars,
          feat_on_display, feat_on_display, minmay_split_cup_large
D:2:      layout_rooms
D:3:      layout_loops_corners
D:4:      layout_basic, hangedman_glass_teeth, chequers_serial_rivers_large_a,
          uniq_grinder
D:5:      layout_basic, amcnicky_altar_gilded, dancing_weapons_uskayaw,
          mainiacjoe_overflow_catwalk, gammafunk_ghost_nasty_kobolds
D:6:      layout_loops_ring, nicolae_dithmenos_through_a_glass_darkly,
          mainiacjoe_overflow_six_doors_small, serial_shops,
          nicolae_shop_overgrown_old_shop, roderic_lattice_a
D:7:      layout_gridville, nzn_hepliaklqana_mist_gate, temple_fountains,
          dk_vineyard_1, uniq_prince_ribbit1, uniq_joseph, uniq_maggie
D:8:      layout_loops_ring, lair_entry_dummy, gammafunk_ghost_hive,
          kennysheep_pointless_box
D:9:      layout_irregular_city, lemuel_mausoleum_altar_kikubaaqudgha,
          slow_altar_1, nicolae_overflow_squiral
D:10:     layout_basic, mainiacjoe_overflow_24_doors, serial_shops, shop,
          gammafunk_ghost_arena, uniq_josephine, uniq_harold
D:11:     layout_stronghold
D:12:     layout_loops_corners, orc_david_3, hangedman_decor_push, uniq_snorg
D:13:     layout_basic, erik_vaults_1, serial_shops, nicolae_shop_statue_plus,
          uniq_erolcha
D:14:     layout_basic, nicolae_figureground_sparkle
D:15:     grunt_enter_depths_giant_problem, layout_irregular_city,
          nicolae_qazlal_eye_of_the_storm, enter_trove_0, serial_shops, shop
Lair:1:   wander_river, layout_cave_pods, serial_rivers,
          chequers_serial_rivers_micro_c, chequers_serial_rivers_micro_a,
          chequers_serial_rivers_micro_d, chequers_serial_rivers_room_b,
          grunt_megastairs_5
Lair:2:   layout_cave_pods, elwin_shoals_entry_rocks, grunt_megastairs_2,
          serial_bayou_shore_a, uniq_fannar
Lair:3:   layout_cave_pods, hangedman_tree_tricks, uniq_nergalle
Lair:4:   layout_hall_layers, spider_nest_entry_rubble,
          nicolae_quartered_pool_little, grunt_megastairs_4, uniq_kirke,
          uniq_sonja
Lair:5:   layout_hall_layers, dpeg_slime_entry_corner, gammafunk_ghost_cemetery,
          serial_bayou_shore_b, lemuel_fruit_fields
Lair:6:   cheibrodos_lair_end_hotspot, layout_big_grid, basic_altar,
          gauntlet_entry_generic, serial_bayou_shore_b
Orc:1:    layout_caves, uniq_jorgrun
Orc:2:    grunt_orc_cross, layout_caves, hellmonk_ghost_happy_afterlife
Elf:1:    minmay_elf_arrival_summoners, layout_onion_city, orc_legates,
          uniq_agnes
Elf:2:    nicolae_elf_blades_splatter_lattice [nicolae_blade_tridents],
          layout_geoelf_octagon, serial_shops, shop, minmay_misc_feat_alley,
          nicolae_stop_n_shop_1, minivault_8, uniq_azrael

Skill      XL: |  1  2  3  4  5  6  7  8  9 10 11 12 13 14 15 16 |
---------------+-------------------------------------------------+-----
Polearms       | 5 6 7 8 9 12 15 19 20 22 | 22.2
Armour         | 2 3 4 5 6 9 11 12 14 15 | 15.0
Fighting       | 4 5 6 9 11 12 14 15 | 15.0
Dodging        | 6 |  6.0
Evocations     | 6 9 |  9.0

Action                   |  1- 3 |  4- 6 |  7- 9 | 10-12 | 13-15 | 16-18 || total
-------------------------+-------+-------+-------+-------+-------+-------++-------
Melee: Spear             |   104 |   223 |   171 |       |       |       ||   498
       Tailslap          |     1 |       |       |     3 |     7 |       ||    11
       Trident           |       |       |    79 |   247 |    26 |    26 ||   378
       Glaive            |       |       |       |   271 |  1160 |   275 ||  1706
Throw: Stone             |       |    12 |     5 |       |       |       ||    17
       Javelin           |       |       |     3 |     2 |       |       ||     5
       Dart              |       |       |       |       |    64 |       ||    64
Invok: Berserk           |       |     6 |     9 |    12 |    21 |     5 ||    53
       Trog's Hand       |       |     2 |     5 |     2 |     6 |       ||    15
       Brothers in Arms  |       |       |       |       |     4 |     3 ||     7
Evoke: Tin of tremorston |       |       |       |       |       |     2 ||     2
       Phial of floods   |       |       |       |       |       |     1 ||     1
       Condenser vane    |       |       |       |       |       |     1 ||     1
  Use: Scroll            |       |       |    10 |     5 |    10 |     2 ||    27
       Potion            |       |       |       |     4 |     2 |     3 ||     9
 Stab: Sleeping          |     1 |       |       |       |       |       ||     1
       Distracted        |       |       |     1 |       |     1 |       ||     2
       Invisible         |       |       |       |     2 |       |       ||     2
Armor: Animal skin       |    16 |     3 |       |       |       |       ||    19
       Chain mail        |       |    59 |    30 |       |    45 |    72 ||   206
       Leather armour    |       |    12 |       |       |       |       ||    12
       Scale mail        |       |       |    27 |       |       |       ||    27
       Swamp dragon scal |       |       |     1 |   121 |   109 |       ||   231
       Plate armour      |       |       |       |       |   193 |       ||   193
       Crystal plate arm |       |       |       |       |       |    75 ||    75
Dodge: Dodged            |    56 |    72 |    55 |   228 |   366 |    98 ||   875
Block: Other             |       |       |       |    13 |       |       ||    13
       Reflection        |       |       |       |     2 |       |       ||     2

Table legend: (Time is in decaauts)
 A = Elapsed time spent in this place.
 B = Non-inter-level travel time spent in this place.
 C = Inter-level travel time spent in this place.
 D = Time resting spent in this place.
 E = Time spent auto-exploring this place.
 F = Levels seen in this place.
 G = Mean time per level.
                   A        B        C        D        E       F      G
               +--------+--------+--------+--------+--------+-----+--------+
         Total |  38282 |  35948 |   2334 |   4463 |  26558 |  26 | 1472.4 |
       Dungeon |  19842 |  18668 |   1174 |   1626 |  14651 |  15 | 1322.8 |
          Lair |  10379 |   9732 |    647 |   1807 |   6732 |   6 | 1729.8 |
  Orcish Mines |   4012 |   3566 |    446 |    601 |   2448 |   2 | 2006.0 |
   Elven Halls |   2993 |   2927 |     66 |    151 |   2215 |   2 | 1496.5 |
      Gauntlet |   1054 |   1054 |      0 |    277 |    511 |   1 | 1054.0 |
               +--------+--------+--------+--------+--------+-----+--------+

Top non-repeatable levels by time:
   Orc:2: 3530 daAuts
   Elf:1: 2964 daAuts
    D:13: 2370 daAuts
  Lair:6: 2340 daAuts
    D:12: 1990 daAuts
  Lair:2: 1903 daAuts
  Lair:5: 1823 daAuts
  Lair:3: 1763 daAuts
     D:8: 1653 daAuts
     D:7: 1626 daAuts
    D:15: 1620 daAuts
     D:1: 1368 daAuts
     D:4: 1321 daAuts
    D:11: 1315 daAuts
  Lair:1: 1311 daAuts
